 Dungeon Crawl Stone Soup version 0.27-a0-1281-ge233d83751 (webtiles) character file.

Game seed: 8106850980738682578

44267 wakim the Earth Mage (level 14, 0/75 HPs)
             Began as a Gargoyle Earth Elementalist on June 12, 2021.
             Was a High Priest of Vehumet.
             Succumbed to barbed spike wounds
             ... on level 6 of the Lair of Beasts on June 13, 2021.
             The game lasted 01:32:58 (25686 turns).

wakim the Earth Mage (Gargoyle Earth Elementalist) Turns: 25686, Time: 01:32:58

Health: 0/75       AC: 21    Str: 15    XL:     14   Next: 27%
Magic:  10/27      EV: 17    Int: 20    God:    Vehumet [*****.]
Gold:   852        SH:  0    Dex: 16    Spells: 3/31 levels left

rFire    + . .     SeeInvis .   a - +2 demon blade (elec)
rCold    . . .     Faith    +   (no shield)
rNeg     + . .     Spirit   .   h - +4 robe of Lergha Hamimp {rElec Str+2}
rPois    ∞         Reflect  .   l - +0 helmet
rElec    +         Harm     .   o - +0 cloak
rCorr    .         Rampage  .   e - +1 pair of gloves
Will     +....                  i - +0 pair of boots
Stlth    +++.......             k - amulet of faith
HPRegen  0.22/turn              g - ring of protection from fire
MPRegen  0.20/turn              m - +6 ring of dexterity

@: spiked, flying
A: sickness immunity, AC +10, big wings, negative energy resistance 1,
electricity resistance, torment resistance 1, petrification resistance
a: Renounce Religion


You were on level 6 of the Lair of Beasts.
You worshipped Vehumet.
Vehumet was extremely pleased with you.
You visited 3 branches of the dungeon, and saw 17 of its levels.
You also visited: Sewer.

You collected 852 gold pieces.

Inventory:

Hand Weapons
 a - a +2 demon blade of electrocution (weapon)
 c - the +5 dagger of Qemp {vorpal, rF+ Int+4}
   (You found it on level 5 of the Dungeon)

   It inflicts extra damage upon your enemies.
   It affects your intelligence (+4).
   It protects you from fire.
Missiles
 j - 2 throwing nets {=f!f}
 p - a curare-tipped dart {=f}
 s - 382 stones
Armour
 e - a +1 pair of gloves (worn)
 h - the +4 robe of Lergha Hamimp (worn) {rElec Str+2}
   (You found it on level 4 of the Dungeon)

   It affects your strength (+2).
   It insulates you from electricity.
 i - a +0 pair of boots (worn)
 l - a +0 helmet (worn)
 o - a +0 cloak (worn)
Jewellery
 b - a +6 ring of strength
 d - a ring of fire
 g - a ring of protection from fire (left hand)
 k - an amulet of faith (around neck)
 m - a +6 ring of dexterity (right hand)
 n - a ring of ice
Wands
 t - a wand of digging (9)
 u - a wand of mindburst (14)
 v - a wand of flame (27)
 x - a wand of iceblast (29)
 y - a wand of paralysis (17)
Scrolls
 f - 2 scrolls of brand weapon
 r - 8 scrolls of identify
 R - 2 scrolls of magic mapping {!r}
 S - a scroll of summoning
 T - 14 scrolls of teleportation
 Y - 3 scrolls of blinking {!r}
Potions
 A - a potion of ambrosia
 B - 2 potions of attraction {!q}
 C - 2 potions of berserk rage {!q}
 D - a potion of brilliance
 E - 2 potions of cancellation
 F - 5 potions of curing
 G - 4 potions of flight
 H - 3 potions of haste
 J - a potion of heal wounds
 K - a potion of magic
 L - 6 potions of lignification {!q}
 N - 2 potions of might
 O - a potion of resistance


   Skills:
 + Level 3.7 Fighting
 * Level 9.4 Long Blades
 - Level 1.8 Maces & Flails
 + Level 1.9 Armour
 + Level 8.9 Dodging
 - Level 5.0 Stealth
 * Level 9.2 Spellcasting
 + Level 7.9 Conjurations
 - Level 3.0 Transmutations
 - Level 5.0 Fire Magic
 - Level 15.0 Earth Magic
 + Level 3.6 Poison Magic


You had 3 spell levels left.
You knew the following spells:

 Your Spells              Type           Power      Damage    Failure   Level
a - Sandblast             Erth           100%       2d20      0%          1
b - Lee's Rapid Deconstr  Erth           31%        3d17*     1%          5
c - Bolt of Magma         Conj/Fire/Erth 23%        4d11      1%          5
d - Iron Shot             Conj/Erth      26%        9d6       3%          6
e - Petrify               Tmut/Erth      45%        N/A       1%          4
x - Stone Arrow           Conj/Erth      100%       3d13      1%          3
y - Olgreb's Toxic Radia  Pois           23%        N/A       4%          4

Your spell library contained the following spells:

 Spells                   Type           Power      Damage    Failure   Level
 Orb of Destruction       Conj           20%        9d9       50%         7
 Foxfire                  Conj/Fire      100%       2x1d9     1%          1
 Passwall                 Tmut/Erth      37%        N/A       1%          2
 Conjure Flame            Conj/Fire      35%        6-21      1%          3
 Dazzling Flash           Conj/Hex       50%        N/A       1%          3
 Inner Flame              Hex/Fire       19%        N/A       2%          3
 Corona                   Hex            10%        N/A       8%          1
 Corpse Rot               Necr/Air       N/A        N/A       12%         2
 Ensorcelled Hibernation  Hex/Ice        18%        N/A       12%         2
 Confusing Touch          Hex            9%         N/A       22%         3
 Tukima's Dance           Hex            9%         N/A       22%         3
 Sticky Flame             Conj/Fire      35%        2d5       1%          4
 Animate Armour           Summ/Erth      78%        N/A       3%          4
 Leda's Liquefaction      Hex/Erth       19%        N/A       3%          4
 Fireball                 Conj/Fire      17%        3d9       4%          5
 Eringya's Noxious Bog    Tmut/Pois      11%        N/A       56%         6
 Summon Forest            Summ/Tloc      4%         N/A       91%         5
 Shatter                  Erth           31%        3d25*     97%         9
 Summon Hydra             Summ           4%         N/A       100%        7
 Statue Form              Tmut/Erth      Unusable   N/A       N/A         6

Dungeon Overview and Level Annotations

Branches:
Dungeon (10/15)            Temple (1/1) D:4            Lair (6/6) D:10
 Shoals (0/4) Lair:3       Spider (0/4) Lair:4        Slime (0/5) Lair:5
    Orc (0/2) D:9           Sewer (visited)

Altars:
Ashenzari
Cheibriados
Dithmenos
Elyvilon
Fedhas
Gozag
Hepliaklqana
Kikubaaqudgha
Makhleb
Nemelex Xobeh
Okawaru
Qazlal
Ru
Sif Muna
Trog
Uskayaw
Vehumet
Wu Jian
Xom
Yredelemnul
Zin
The Shining One

Shops:
D:1 [   D:9 (   D:10 [


Innate Abilities, Weirdness & Mutations

You are immune to sickness and miasma.
Your stone body is resilient. (AC +10)
You are immune to poison.
Your large and strong wings let you fly.
You resist negative energy. (rN+)
You are resistant to electric shocks. (rElec)
You are resistant to unholy torment.
You are immune to petrification.


Message History

The polar bear is severely wounded.
The pull of its song draws you forwards.
The hornet barely misses you.
The merfolk avatar chants its luring song.
The four-headed hydra bites you but does no damage.
The four-headed hydra barely misses you.
The four-headed hydra bites you but does no damage. x2
The hornet stings you.
* * * LOW HITPOINT WARNING * * *
You cannot move away from the merfolk avatar!
Okay, then.
As you read the scroll of fear, it crumbles to dust.
You assume a fearsome visage.
The merfolk avatar resists with almost no effort.
The hornet looks frightened!
The manticore looks frightened!
The polar bear looks frightened!
The four-headed hydra looks frightened!
The komodo dragon looks frightened!
Your surroundings suddenly seem different.
You break out of your daze!
You start resting.
An elephant comes into view.
The barbs in your skin will harm you if you move.
Continue?
Okay, then.
The barbs in your skin will harm you if you move.
Continue?
Okay, then.
The barbs in your skin will harm you if you move.
Continue?
The barbed spikes dig painfully into your body as you move.
* * * LOW HITPOINT WARNING * * *
The sentinel's mark upon you fades away.
You see here 21 gold pieces.
The barbed spikes dig painfully into your body as you move.
* * * LOW HITPOINT WARNING * * *
The barbed spikes dig painfully into your body as you move.
* * * LOW HITPOINT WARNING * * *
The barbed spikes dig painfully into your body as you move.
* * * LOW HITPOINT WARNING * * *
The barbed spikes dig painfully into your body as you move.
* * * LOW HITPOINT WARNING * * *
The barbed spikes dig painfully into your body as you move.
You die...

.≈≈#≈!(=)≈≈≈≈#≈≈≈≈≈..##
# #≈≈≈≈)≈≈?≈≈≈≈#≈≈.#..##
# #≈≈≈≈?≈Y$≈≈≈≈#≈≈##...#
#≈≈≈≈(($)≈≈≈≈#≈≈≈≈...#
#≈≈≈≈≈≈≈≈≈≈≈≈#≈P≈≈..####
#≈≈≈≈≈≈≈≈≈≈≈≈#≈≈##.....#
#8≈≈≈≈≈≈≈≈≈≈8#≈≈#.≈...##
#####≈≈≈≈#####≈≈≈≈≈...#
.≈≈≈≈≈≈≈@≈≈≈#≈≈≈≈...##
#≈≈≈P≈≈8≈≈≈≈≈#≈≈.#.P.#
#≈≈≈≈≈≈≈≈≈≈≈≈#≈≈#.≈..#
..≈...≈≈###≈##≈≈≈≈.#.##
≈≈≈≈≈≈≈≈≈ ≈≈≈≈P≈≈.#..#
##≈≈#.≈≈. ≈#.≈≈.#≈#.###
.≈≈.#≈≈ ##≈≈##≈≈...#
...≈ ≈....≈≈...#
####.≈....#


You could see an elephant.

Vanquished Creatures
  Kirke (Lair:4)
  A dire elephant (Lair:5)
  2 hydras
  A boulder beetle (Lair:3)
  A two-headed ogre (D:10)
  7 death yaks
  A sea snake (Lair:6)
  Pikel (D:9)
  An orb spider (Lair:4)
  Maurice (D:9)
  Joseph (D:9)
  4 black mambas
  2 molten gargoyles (Lair:4)
  8 elephants
  15 cane toads
  2 torpor snails
  2 rime drakes
  20 komodo dragons
  Maggie (D:8)
  2 trolls
  A wind drake (Lair:6)
  3 polar bears (Lair:6)
  5 hornets
  Grinder (D:6)
  6 blink frogs (Lair:2)
  4 dream sheep (Lair:6)
  28 yaks
  A wraith (D:10)
  Eustachio (D:6)
  2 wyverns
  4 basilisks
  A human (Lair:4)
  3 steam dragons
  3 hogs (Lair:4)
  Menkaure (D:4)
  Edmund (D:6)
  13 water moccasins
  5 orc warriors
  2 sky beasts
  2 black bears
  3 ogres
  14 wolves
  6 centaurs
  4 kobold brigands
  13 bullfrogs
  3 scorpions
  A water moccasin zombie (D:5)
  10 wights
  3 electric eels
  A howler monkey (D:5)
  2 centaur zombies
  5 lava snakes (Lair:4)
  4 hounds (D:5)
  5 orc priests
  A jelly (Lair:5)
  2 centaur skeletons
  2 iguanas
  10 orc wizards
  2 bullfrog skeletons
  Natasha (D:4)
  A hell rat (D:10)
  2 killer bee zombies
  A howler monkey zombie (D:9)
  14 gnolls
  4 river rats (D:10)
  10 adders
  A white imp (D:6)
  A worm (D:4)
  4 dart slugs
  21 orcs
  4 endoplasms
  2 giant cockroaches
  7 goblins
  4 hobgoblins
  11 jackals
  6 quokkas
  6 ball pythons
  6 bats
  5 frilled lizards
  24 kobolds
  6 rats
393 creatures vanquished.

Vanquished Creatures (others)
  31 fungi
  118 plants
149 creatures vanquished.

Grand Total: 542 creatures vanquished

Notes
Turn   | Place    | Note
-------+----------+-------------------------------------------
     0 | D:1      | wakim the Gargoyle Earth Elementalist began the quest for
                  | the Orb.
     0 | D:1      | Reached XP level 1. HP: 10/10 MP: 3/3
   268 | D:1      | Found Umeorr's Armour Shop.
   301 | D:1      | Reached skill level 4 in Earth Magic
   373 | D:1      | Found a faded altar of an unknown god.
   377 | D:1      | Reached XP level 2. HP: 15/15 MP: 5/5
  1164 | D:1      | Reached XP level 3. HP: 16/19 MP: 6/6
  1253 | D:1      | Reached skill level 5 in Earth Magic
  1288 | D:1      | Learned a level 3 spell: Stone Arrow
  1633 | D:2      | Reached XP level 4. HP: 14/24 MP: 3/7
  1634 | D:2      | Reached skill level 6 in Earth Magic
  2050 | D:1      | Reached skill level 1 in Conjurations
  2232 | D:1      | Reached XP level 5. HP: 13/28 MP: 4/8
  3118 | D:3      | Found a glowing drain.
  3135 | Sewer    | Entered a sewer
  3285 | Sewer    | Noticed a water moccasin
  3296 | Sewer    | Killed a water moccasin
  3297 | Sewer    | Reached skill level 1 in Transmutations
  3297 | Sewer    | Reached XP level 6. HP: 27/32 MP: 2/10
  3570 | D:3      | Found an ancient bone altar of Kikubaaqudgha.
  3925 | D:3      | Found a glowing silver altar of Zin.
  4101 | D:4      | Noticed Menkaure
  4115 | D:4      | Killed Menkaure
  4116 | D:4      | Reached skill level 1 in Maces & Flails
  4302 | D:4      | Identified a scroll of acquirement
  4302 | D:4      | Acquired a book of the Earth
  4310 | D:4      | Learned a level 5 spell: Lee's Rapid Deconstruction
  4359 | D:4      | Noticed a black bear
  4384 | D:4      | Reached XP level 7. HP: 37/37 MP: 6/11
  4436 | D:4      | Reached skill level 1 in Fighting
  4446 | D:4      | Identified the +4 robe of Lergha Hamimp {rElec Str+2}
  4817 | D:4      | Noticed Natasha
  4831 | D:4      | Killed Natasha
  5118 | D:4      | Found a staircase to the Ecumenical Temple.
  5127 | Temple   | Entered the Ecumenical Temple
  5214 | Temple   | Became a worshipper of Vehumet
  5274 | D:5      | Entered Level 5 of the Dungeon
  5339 | D:5      | Found a hazy altar of Hepliaklqana.
  5613 | D:5      | Identified the +5 dagger of Qemp {vorpal, rF+ Int+4}
  5632 | D:5      | Reached XP level 8. HP: 46/46 MP: 5/12
  5788 | D:5      | You fall into a shaft and drop 2 floors!
  7277 | D:6      | Noticed Eustachio
  7294 | D:6      | Killed Eustachio
  7295 | D:6      | Reached XP level 9. HP: 39/50 MP: 2/15
  7393 | D:6      | Noticed Edmund
  7436 | D:6      | Killed Edmund
  7437 | D:6      | Reached skill level 5 in Stealth
  7437 | D:6      | Reached skill level 5 in Conjurations
  7685 | D:6      | Noticed Grinder
  7689 | D:6      | Killed Grinder
  7690 | D:6      | Reached skill level 5 in Dodging
  7811 | D:6      | Reached * piety under Vehumet
  7811 | D:6      | Offered knowledge of Shock by Vehumet.
  8222 | D:7      | Reached skill level 5 in Spellcasting
  9229 | D:7      | Learned a level 5 spell: Bolt of Magma
  9337 | D:7      | Reached skill level 7 in Earth Magic
  9690 | D:8      | Found a stormy altar of Qazlal.
 10006 | D:8      | Reached XP level 10. HP: 56/56 MP: 12/18
 10172 | D:8      | Noticed Maggie
 10180 | D:8      | Killed Maggie
 10181 | D:8      | Reached skill level 8 in Earth Magic
 10549 | D:8      | Found a shimmering altar of Xom.
 10708 | D:9      | Reached skill level 1 in Long Blades
 11019 | D:9      | Offered knowledge of Poisonous Vapours by Vehumet.
 11153 | D:9      | Noticed Maurice
 11170 | D:9      | Killed Maurice
 11221 | D:9      | Noticed Pikel
 11232 | D:9      | Killed Pikel
 11233 | D:9      | Reached skill level 9 in Earth Magic
 11287 | D:9      | Found a staircase to the Orcish Mines.
 11322 | D:9      | Noticed Joseph
 11328 | D:9      | Reached ** piety under Vehumet
 11339 | D:9      | Killed Joseph
 11864 | D:9      | Found Fiomocuh's Weapon Emporium.
 12564 | D:10     | Entered Level 10 of the Dungeon
 12564 | D:10     | Found Uzag's Antique Armour Boutique.
 12729 | D:10     | Found a hide-covered altar of Uskayaw.
 12794 | D:10     | Found a glowing golden altar of the Shining One.
 12804 | D:10     | Found a burning altar of Makhleb.
 12812 | D:10     | Learned a level 6 spell: Iron Shot
 12927 | D:10     | Reached skill level 10 in Earth Magic
 12927 | D:10     | Reached XP level 11. HP: 53/60 MP: 12/21
 13014 | D:10     | Offered knowledge of Frozen Ramparts by Vehumet.
 13133 | D:10     | Found a blossoming altar of Fedhas.
 13303 | D:10     | Noticed a death yak
 13304 | D:10     | Noticed a death yak
 13314 | D:10     | Noticed a death yak
 13315 | D:10     | Noticed a two-headed ogre
 13399 | D:10     | Learned a level 4 spell: Petrify
 13466 | D:10     | Killed a two-headed ogre
 13467 | D:10     | Reached skill level 1 in Fire Magic
 13623 | D:9      | Killed a death yak
 13840 | D:9      | Killed a death yak
 13841 | D:9      | Reached skill level 11 in Earth Magic
 14769 | D:9      | HP: 2/60 [death yak (21)]
 15140 | D:10     | Found a staircase to the Lair.
 15255 | D:10     | Reached *** piety under Vehumet
 15291 | Lair:1   | Entered Level 1 of the Lair of Beasts
 16489 | Lair:2   | Reached skill level 5 in Long Blades
 16578 | Lair:2   | Offered knowledge of Ignite Poison by Vehumet.
 16794 | Lair:2   | Reached XP level 12. HP: 64/64 MP: 11/23
 16937 | Lair:2   | Reached skill level 12 in Earth Magic
 17254 | Lair:2   | Noticed a six-headed hydra
 17260 | Lair:2   | Killed a six-headed hydra
 17269 | Lair:2   | Reached **** piety under Vehumet
 18138 | Lair:3   | Reached skill level 13 in Earth Magic
 18290 | Lair:3   | Reached skill level 5 in Fire Magic
 18301 | Lair:3   | Offered knowledge of Olgreb's Toxic Radiance by Vehumet.
 18780 | Lair:3   | Found a staircase to the Shoals.
 18868 | Lair:3   | Noticed a boulder beetle
 18949 | Lair:3   | Killed a boulder beetle
 19185 | Lair:3   | You fall into a shaft and drop 3 floors!
 19185 | Lair:6   | Entered Level 6 of the Lair of Beasts
 19442 | Lair:6   | Reached skill level 14 in Earth Magic
 19442 | Lair:6   | Reached XP level 13. HP: 38/68 MP: 21/25
 19980 | Lair:6   | Noticed a dire elephant
 20339 | Lair:5   | Learned a level 4 spell: Olgreb's Toxic Radiance
 20458 | Lair:5   | Reached skill level 1 in Poison Magic
 21260 | Lair:4   | Found a burning altar of Makhleb.
 21943 | Lair:4   | Noticed Kirke
 22641 | Lair:4   | Found a hole to the Spider Nest.
 22882 | Lair:4   | Killed Kirke
 23086 | Lair:4   | Reached skill level 15 in Earth Magic
 23217 | Lair:4   | Gained mutation: Your large and strong wings let you fly.
                  | [Gargoyle growth]
 23217 | Lair:4   | Reached XP level 14. HP: 33/74 MP: 10/26
 23602 | Lair:5   | Found a staircase to the Slime Pits.
 24003 | Lair:5   | Reached ***** piety under Vehumet
 24269 | Lair:5   | Upgraded the game from 0.27-a0-1278-g6cbc8dfb29 to
                  | 0.27-a0-1281-ge233d83751
 24342 | Lair:5   | Killed a dire elephant
 24343 | Lair:5   | Reached skill level 1 in Armour
 24748 | Lair:6   | Offered knowledge of Orb of Destruction by Vehumet.
 25686 | Lair:6   | Succumbed to barbed spike wounds

Illustrated notes

Levels and vault maps discovered:
D:1:      noname_arrival_rooms_in_the_neighbourhood, layout_loops_ring,
          serial_shops, shop, ebering_ecumenical_altar_sacrificial
D:2:      layout_rooms
D:3:      layout_loops_ring, zin_statuary, lemuel_tele_altar,
          portal_sewer_entry_a
D:4:      layout_rooms, lemuel_temple_firewalk_b, kennysheep_generic_room_5,
          uniq_menkaure, uniq_natasha
D:5:      layout_loops_corners, nicolae_hepliaklqana_hazy_memory
D:6:      layout_basic, uniq_grinder, uniq_edmund, uniq_eustachio
D:7:      layout_basic
D:8:      layout_loops_ring, nicolae_qazlal_style_of_elements, xom_butterflies,
          uniq_maggie
D:9:      layout_roguey, orc_0_dummy, serial_shops, shop, uniq_joseph,
          uniq_pikel, uniq_maurice
D:10:     layout_rooms, marbit_many_paths, grunt_temple_overflow_open,
          dpeg_lair_monsters, serial_shops, nicolae_shop_stone,
          minmay_misc_feat_hallway
Temple:   nicolae_temple_god_jail
Lair:1:   layout_roguey
Lair:2:   layout_chaotic_city, minivault_24, serial_bayou_pond_b,
          grunt_megastairs_5
Lair:3:   layout_loops_ring, minmay_shoals_entry_centaurs, serial_bayou_shore_a
Lair:4:   cheibrodos_magma_flow, layout_regular_city,
          nicolae_spider_entry_orb_guardian, basic_altar, uniq_kirke
Lair:5:   layout_gridlike, nicolae_slime_entry_slimehenge, beast_lair_carwin_4
Lair:6:   gammafunk_lair_ancient_temple, layout_cave_pods,
          minmay_lair_oklob_chamber

Skill      XL: |  1  2  3  4  5  6  7  8  9 10 11 12 13 14 |
---------------+-------------------------------------------+-----
Earth Magic    | 4 5 6 7 10 11 14 15 | 15.0
Conjurations   | 1 3 4 6 7 |  7.9
Spellcasting   | 3 4 5 7 8 9 |  9.2
Transmutations | 1 2 3 |  3.0
Maces & Flails | 1 |  1.8
Dodging        | 2 3 4 5 6 7 8 |  8.9
Fighting       | 3 |  3.7
Stealth        | 4 5 |  5.0
Long Blades    | 3 5 7 9 |  9.4
Fire Magic     | 3 5 |  5.0
Poison Magic   | 3 |  3.6
Armour         | 1 |  1.9

Action                   |  1- 3 |  4- 6 |  7- 9 | 10-12 | 13-15 || total
-------------------------+-------+-------+-------+-------+-------++-------
Melee: Unarmed           |    15 |       |       |       |       ||    15
       Short sword       |    53 |       |       |       |       ||    53
       Whip              |    29 |    35 |       |       |       ||    64
       Flail             |       |    96 |    79 |       |       ||   175
       Dagger            |       |       |    47 |       |       ||    47
       Demon blade       |       |       |    57 |   226 |   124 ||   407
 Cast: Sandblast         |    11 |    21 |    21 |    28 |     3 ||    84
       Stone Arrow       |       |     9 |    65 |   106 |    98 ||   278
       Lee's Rapid Decon |       |       |     6 |    35 |    11 ||    52
       Petrify           |       |       |       |    12 |     4 ||    16
       Bolt of Magma     |       |       |       |     8 |    14 ||    22
       Iron Shot         |       |       |       |     4 |    11 ||    15
       Olgreb's Toxic Ra |       |       |       |       |    21 ||    21
  Use: Scroll            |       |     8 |    11 |     9 |     3 ||    31
       Potion            |       |       |       |       |     2 ||     2
 Stab: Sleeping          |       |     4 |     1 |     2 |     1 ||     8
       Distracted        |       |       |     2 |       |       ||     2
       Petrified         |       |       |       |     5 |       ||     5
Armor: Robe              |    31 |    77 |   104 |   116 |   106 ||   434
Dodge: Dodged            |    54 |   119 |   141 |   200 |   182 ||   696
       Rpst.: Demon blade |       |       |    11 |    53 |    49 ||   113

Table legend: (Time is in decaauts)
 A = Elapsed time spent in this place.
 B = Non-inter-level travel time spent in this place.
 C = Inter-level travel time spent in this place.
 D = Time resting spent in this place.
 E = Time spent auto-exploring this place.
 F = Levels seen in this place.
 G = Mean time per level.
                   A        B        C        D        E       F      G
               +--------+--------+--------+--------+--------+-----+--------+
         Total |  25808 |  25160 |    648 |    375 |  20531 |  18 | 1433.8 |
       Dungeon |  15034 |  14511 |    523 |    248 |  11630 |  10 | 1503.4 |
        Temple |    101 |     88 |     13 |      0 |      2 |   1 |  101.0 |
          Lair |  10388 |  10276 |    112 |    127 |   8666 |   6 | 1731.3 |
         Sewer |    283 |    283 |      0 |      0 |    232 |   1 |  283.0 |
               +--------+--------+--------+--------+--------+-----+--------+

Top non-repeatable levels by time:
     D:9: 2847 daAuts
  Lair:6: 2043 daAuts
  Lair:4: 2043 daAuts
     D:1: 1970 daAuts
  Lair:5: 1907 daAuts
  Lair:2: 1791 daAuts
  Lair:3: 1599 daAuts
     D:7: 1595 daAuts
     D:8: 1549 daAuts
     D:6: 1542 daAuts
     D:5: 1307 daAuts
    D:10: 1231 daAuts
     D:4: 1155 daAuts
  Lair:1: 1003 daAuts
     D:2: 940 daAuts
